 Dungeon Crawl Stone Soup version 0.25.1-2-g60ff931df9 (webtiles) character file.

Game seed: 9530216503102105826

1854 KarvaRausku the Cleaver (level 8, 0/74 HPs)
             Began as a Minotaur Gladiator on Sept 9, 2020.
             Slain by a hippogriff (1 damage)
             ... on level 9 of the Dungeon.
             The game lasted 00:19:16 (6014 turns).

KarvaRausku the Cleaver (Minotaur Gladiator)        Turns: 6014, Time: 00:19:17

Health: 0/74       AC:  9    Str: 20    XL:     8   Next: 89%
Magic:  0/7        EV: 12    Int:  8    God:
Gold:   386        SH:  0    Dex: 12    Spells: 7/7 levels left

rFire    . . .     SeeInvis .   a - +0 war axe
rCold    . . .     Gourm    .   (no shield)
rNeg     . . .     Faith    .   h - +0 scale mail
rPois    .         Spirit   +   c - +0 hat
rElec    .         Reflect  .   (no cloak)
rCorr    .         Harm     .   v - +1 pair of gloves
MR       .....     Rnd*Tele +   (no boots)
Stlth    ..........             o - amulet of guardian spirit
HPRegen  0.22/turn              z - ring of teleportation (curse)
MPRegen  0.10/turn              (no ring)

@: lethally poisoned (0 -> -3), very slightly contaminated, lightly drained
A: retaliatory headbutt, horns 2, clever 1, MP-powered wands
a: no special abilities


You were on level 9 of the Dungeon.
You were not hungry.

You visited 1 branch of the dungeon, and saw 9 of its levels.

You collected 386 gold pieces.

Inventory:

Hand Weapons
 a - a +0 war axe (weapon)
 g - a +0 whip of electrocution
 x - a +2 spear of pain
 y - a cursed +0 whip
 I - a +4 falchion
Missiles
 d - 5 throwing nets (quivered)
Armour
 b - a +0 leather armour
 c - a +0 hat (worn)
 h - a +0 scale mail (worn)
 q - a scarf of resistance
 v - a +1 pair of gloves (worn)
 B - a +0 ring mail
 F - a scarf of repulsion
 K - a +0 plate armour
 N - a +0 plate armour of cold resistance
Jewellery
 o - an amulet of guardian spirit (around neck)
 z - a cursed ring of teleportation (left hand)
 C - an uncursed amulet of guardian spirit
 G - an uncursed ring of protection from cold
Wands
 A - a wand of clouds (7)
 E - a wand of acid (8)
 H - a wand of flame (18)
Scrolls
 e - 5 scrolls of remove curse
 i - 2 scrolls of identify
 j - 2 scrolls of fear {unknown}
 l - 3 scrolls of blinking
 m - 3 scrolls of amnesia {unknown}
 n - 4 scrolls of teleportation {unknown}
 p - 3 scrolls of magic mapping {unknown}
 s - a scroll of enchant armour {unknown}
 u - 2 scrolls of enchant weapon {unknown}
 w - a scroll of random uselessness {unknown}
Potions
 k - a potion of stabbing
 r - a potion of ambrosia {unknown}
 t - a potion of mutation
 D - a potion of magic
 J - a potion of curing {unknown}
 L - a potion of lignification {unknown}
Comestibles
 f - 14 rations
 M - 8 chunks of flesh


   Skills:
 + Level 8.0(7.5) Fighting
 + Level 8.4(7.9) Axes
 - Level 2.0(1.5) Throwing
 + Level 5.9(5.4) Armour
 + Level 6.4(6.0) Dodging


You had 7 spell levels left.
You didn't know any spells.
Your spell library contained the following spells:

 Spells                   Type           Power        Failure   Level  Hunger
 Summon Small Mammal      Summ           #...         75%         1    ##.....
 Call Imp                 Summ           #.......     87%         2    ###....
 Call Canine Familiar     Summ           #.......     98%         3    ####...
 Summon Guardian Golem    Hex/Summ       #.......     98%         3    ####...
 Summon Ice Beast         Ice/Summ       #.......     100%        4    #####..
 Summon Lightning Spire   Summ/Air       #.......     100%        4    #####..


Dungeon Overview and Level Annotations

Branches:
Dungeon (10/15)            Temple (0/1) D:4
   Lair: D:8-11         Orc: D:9-12

Altars:
Ashenzari
Cheibriados
Dithmenos
Elyvilon
Gozag
Kikubaaqudgha
Makhleb
Sif Muna
Trog
Wu Jian
Yredelemnul

Annotations:
D:9 Erica


Innate Abilities, Weirdness & Mutations

You reflexively headbutt those who attack you in melee.
You have a pair of horns on your head.
Your mind is acute. (Int +2)
You expend magic power (3 MP) to strengthen your wands.


Message History

You feel sick. The killer bee misses you. The killer bee closely misses you.
You furiously retaliate!
You headbutt the killer bee, but do no damage.
The hippogriff bites you!
* * * LOW HITPOINT WARNING * * *
The hippogriff barely misses you.
The hippogriff claws you but does no damage.
It was a potion of magic.
Magic courses through your body.
You feel sick.
The killer bee stings you but does no damage.
The killer bee stings you!
* * * LOW HITPOINT WARNING * * *
The killer bee closely misses you.
The killer bee stings you but does no damage.
The killer bee stings you.
* * * LOW HITPOINT WARNING * * *
The hippogriff barely misses you. You furiously retaliate!
You headbutt the hippogriff, but do no damage.
The hippogriff pecks you but does no damage.
The hippogriff claws you.
You die...

......$.....# #
#.#....#.?#.#
##.#..z.#..#.#.#
.................
..#.......#.#.##
###.<..........
###....y......#.#.
......Hyy....[#.#
.....Fy@y.....# #
..#.###.#.#..##
.... #......# ...
.......# #.
###....# ..#.#
....# ...


You could see a hippogriff, a bullfrog, 5 killer bees and a wight.

Vanquished Creatures
  A black bear (D:6)
  2 phantoms
  An ogre (D:4)
  A centaur (D:6)
  2 bullfrogs (D:6)
  A gnoll sergeant (D:4)
  A wyvern skeleton (D:5)
  A water moccasin skeleton (D:6)
  7 wights
  A howler monkey (D:4)
  A crimson imp (D:6)
  A bullfrog zombie (D:4)
  A centaur zombie (D:4)
  2 hounds (D:6)
  2 jellies
  A centaur skeleton (D:4)
  An orc priest (D:6)
  4 orc wizards
  Ijyb (D:3)
  3 worker ants
  A hound zombie (D:5)
  A hound skeleton (D:6)
  2 worker ant zombies (D:4)
  7 gnolls
  7 adders
  2 oozes
  An adder zombie (D:4)
  3 adder skeletons
  2 worms
  7 leopard geckos
  25 orcs
  2 ball pythons (D:3)
  6 giant cockroaches
  5 goblins
  5 hobgoblins
  4 kobolds
  3 quokkas
  5 bats
  2 frilled lizards
  3 rats
  A spectral orc (D:5)
129 creatures vanquished.

Notes
Turn   | Place    | Note
-------+----------+-------------------------------------------
     0 | D:1      | KarvaRausku the Minotaur Gladiator began the quest for the
                  | Orb.
     0 | D:1      | Reached XP level 1. HP: 18/18 MP: 0/0
   236 | D:1      | Found a shattered altar of Ashenzari.
   297 | D:1      | Reached XP level 2. HP: 26/26 MP: 1/1
   822 | D:2      | Reached XP level 3. HP: 31/31 MP: 2/2
   909 | D:2      | Found a burning altar of Makhleb.
  1242 | D:3      | Reached XP level 4. HP: 32/40 MP: 3/3
  1392 | D:3      | Reached skill level 5 in Axes
  1429 | D:3      | Found a shadowy altar of Dithmenos.
  1573 | D:3      | Reached XP level 5. HP: 41/47 MP: 4/4
  1719 | D:3      | Noticed Ijyb
  1737 | D:3      | Killed Ijyb
  1737 | D:3      | Reached skill level 5 in Fighting
  1875 | D:3      | Found a snail-covered altar of Cheibriados.
  1927 | D:3      | Found a white marble altar of Elyvilon.
  2006 | D:4      | Noticed an ogre
  2007 | D:4      | Noticed a phantom
  2206 | D:4      | Killed an ogre
  2206 | D:4      | Reached skill level 1 in Armour
  2206 | D:4      | Reached XP level 6. HP: 52/56 MP: 3/5
  2484 | D:4      | Found a staircase to the Ecumenical Temple.
  2964 | D:4      | Reached XP level 7. HP: 49/63 MP: 6/6
  3300 | D:4      | Found a shimmering blue altar of Sif Muna.
  3548 | D:5      | Entered Level 5 of the Dungeon
  3559 | D:5      | You fall into a shaft and drop 2 floors!
  3567 | D:6      | Found an ornate altar of the Wu Jian Council.
  3897 | D:6      | Reached skill level 5 in Dodging
  4169 | D:5      | Found a bloodstained altar of Trog.
  4194 | D:5      | Reached XP level 8. HP: 49/71 MP: 4/7
  4645 | D:5      | Found an ancient bone altar of Kikubaaqudgha.
  4717 | D:5      | Found an opulent altar of Gozag.
  4836 | D:5      | Found a basalt altar of Yredelemnul.
  5200 | D:6      | Reached skill level 5 in Armour
  5883 | D:7      | You fall into a shaft and drop 3 floors!
  5883 | D:10     | Entered Level 10 of the Dungeon
  5992 | D:9      | Noticed Erica
  6006 | D:9      | Noticed a hippogriff
  6012 | D:9      | Gained mutation: You expend magic power (3 MP) to
                  | strengthen your wands. [potion of mutation]
  6012 | D:9      | Gained mutation: Your mind is acute. (Int +2) [potion of
                  | mutation]
  6014 | D:9      | HP: 3/74 [killer bee (4)]
  6014 | D:9      | HP: 1/74 [killer bee (2)]
  6014 | D:9      | Slain by a hippogriff

Illustrated notes

Levels and vault maps discovered:
D:1:      saegor_arrival_simple_c, layout_rooms, hangedman_glass_teeth,
          evilmike_ruin_ashenzari
D:2:      layout_rooms, lemuel_round_altar
D:3:      layout_rooms, grunt_dithmenos_smoke, lemuel_doored_altar,
          elyvilon_altar_3, kennysheep_generic_room_2, uniq_ijyb
D:4:      layout_layer_cave, led_sif_pool, minmay_temple_entry_mist,
          serial_undead, serial_undead_f, serial_undead_a, serial_undead_b,
          serial_undead_d, lightli_minifort
D:5:      layout_gridville, nicolae_overflow_crystal_walls,
          kennysheep_mini_moat, overflow_temple_1_default,
          yredelemnul_forgotten_temple_becter, first_ration
D:6:      layout_loops_cross, nicolae_overflow_hidden_temple, nrook_campfire,
          hangedman_abyss_or_decor_slice
D:7:      layout_gridville, enter_bailey_3, grunt_ogre_cave
D:9:      kennysheep_kobold_camp, layout_basic, uniq_erica, uniq_psyche
D:10:     layout_irregular_city, minmay_lair_entry_grove, uniq_snorg,
          uniq_maggie

Skill      XL: |  1  2  3  4  5  6  7  8 |
---------------+-------------------------+-----
Axes           | 4 5 6 7 8 |  8.4
Fighting       | 3 4 5 6 8 |  8.0
Armour         | 1 3 4 5 |  5.9
Dodging        | 4 5 6 |  6.4
Throwing       | |  2.0

Action                   |  1- 3 |  4- 6 |  7- 9 || total
-------------------------+-------+-------+-------++-------
Melee: War axe           |    54 |   141 |   165 ||   360
       Headbutt          |     9 |    23 |    39 ||    71
Evoke: Wand              |       |       |     1 ||     1
  Use: Scroll            |       |     3 |     1 ||     4
       Potion            |       |       |     4 ||     4
  Eat: Chunk             |     1 |     5 |     7 ||    13
       Ration            |       |       |     1 ||     1
Armor: Scale mail        |    25 |    51 |    88 ||   164
       Skin              |       |    12 |       ||    12
Dodge: Dodged            |    33 |    78 |   121 ||   232
